AoeStats
← ItamZ

Black Forest

509422597Analyzed
3v3 RM · 6d ago on Sep 26, 2026· 22m 33s· 6 players
Game mode
Random Map
Map size
Normal (6 player)
Population
200
Speed
Normal
Resources
Standard
Victory
Conquest
Starting age
Dark Age
Ending age
Imperial Age
RankedLock teamsTeams togetherTeam positionsShared explorationLock speedFull tech treeHidden civsTurbo modeCheats
Victory
Defeat
🇫🇮 Franks · Finland
1000
+32
🇫🇮 Mongols · Finland
888
+13
🇫🇮 Danes · Finland
829
+14
🇺🇸 Varangians · United States
848
-13
🇨🇭 Spanish · Switzerland
825
-32
🇵🇪 Inca · Peru
796
-11
gaaraofbenton10
1:11 Loom
14:10 Feudal Age
14:36 Double-Bit Axe
15:30 Wheelbarrow
15:59 Horse Collar
Felix
14:22 Feudal Age
Smour
5:13 Loom
11:32 Feudal Age
12:00 Double-Bit Axe
11:59 Horse Collar
12:23 Town Watch
14:34 Wheelbarrow
17:36 Bloodlines
19:48 Forging
20:15 Scale Barding Armor
24:18 Castle Age
Muhis
8:00 Loom
10:01 Feudal Age
12:41 Man-at-Arms
13:30 Double-Bit Axe
19:28 Horse Collar
ItamZ
1:49 Loom
12:35 Feudal Age
13:03 Double-Bit Axe
Triple-A
2:31 Loom
11:21 Feudal Age
12:16 Double-Bit Axe
12:25 Gold Mining
12:18 Horse Collar
13:46 Arson
13:26 Man-at-Arms
16:11 Scale Mail Armor
20:54 Stone Mining
21:47 Forging
Connection lost

Rejoining the realm…

Still unreachable

The connection could not be restored.

Session expired

The server has moved on; the page needs a fresh start.